 Dungeon Crawl Stone Soup version 0.25-a0-681-gdf4e720381 (webtiles) character file.

Game seed: 18112082168330099570, levelgen mode: deterministic

627 CryoSword the Skirmisher (level 7, -5/78 HPs)
             Began as an Ogre Berserker on Mar 29, 2020.
             Was a Priest of Trog.
             Slain by a hound (6 damage)
             ... on level 5 of the Dungeon.
             The game lasted 00:10:03 (4936 turns).

CryoSword the Skirmisher (Ogre Berserker)           Turns: 4936, Time: 00:10:04

Health: -5/78      AC: -8    Str: 22    XL:     7   Next: 47%
Magic:  7/7        EV: 10    Int:  8    God:    Trog [***...]
Gold:   231        SH:  0    Dex: 10    Spells: 6/6 levels left

rFire    . . .     SeeInvis .   a - +0 morningstar
rCold    . . .     Gourm    .   (no shield)
rNeg     . . .     Faith    .   b - +0 animal skin
rPois    .         Spirit   .   (helmet restricted)
rElec    .         Reflect  .   w - +0 cloak
rCorr    .         Harm     .   (gloves unavailable)
MR       ++...                  (boots unavailable)
Stlth    +.........             u - amulet of regeneration
HPRegen  1.63/turn              (no ring)
MPRegen  0.10/turn              (no ring)

@: about to teleport, corroded, berserk cooldown, regenerating (expiring),
slowed, very slow
A: large, unfitting armour, tough skin 1
a: Berserk, Trog's Hand, Renounce Religion


You were on level 5 of the Dungeon.
You worshipped Trog.
Trog was most pleased with you.
You were very hungry.

You visited 1 branch of the dungeon, and saw 5 of its levels.

You collected 231 gold pieces.

Inventory:

Hand Weapons
 a - a +0 morningstar (weapon)
   (You took it off an orc priest on level 5 of the Dungeon)
Missiles
 l - 63 stones
 o - 5 poisoned darts (quivered)
Armour
 b - a +0 animal skin (worn)
 w - a +0 cloak (worn)
   (You found it on level 4 of the Dungeon)
Jewellery
 h - an uncursed amulet of the gourmand {unknown}
   (You found it on level 4 of the Dungeon)
 u - an amulet of regeneration (around neck)
   (You found it on level 3 of the Dungeon)
Scrolls
 d - a scroll of identify {@r1}
 e - a scroll of magic mapping
 g - 2 scrolls of teleportation {@r4}
 j - a scroll of remove curse {@r2}
 n - 2 scrolls of enchant armour {unknown}
 p - a scroll of amnesia {unknown}
 s - a scroll of immolation {unknown}
 v - a scroll of enchant weapon {unknown}
Potions
 f - a potion of brilliance
 i - a potion of stabbing {unknown}
 k - a potion of invisibility {unknown}
 r - a potion of cancellation {unknown}
 t - 2 potions of haste {@q3}
 x - a potion of might {unknown}
 z - a potion of lignification {unknown}
Comestibles
 c - 6 rations {!d}
 q - 8 chunks of flesh


   Skills:
 + Level 7.1 Fighting
 * Level 6.5 Maces & Flails
 - Level 2.6 Dodging


You had 6 spell levels left.
You didn't know any spells.
Your spell library was empty.

Dungeon Overview and Level Annotations

Branches:
Dungeon (5/15)
 Temple: D:4-7

Altars:
Cheibriados
Dithmenos
Sif Muna


Innate Abilities, Weirdness & Mutations

You are too large for most types of armour.
You have tough skin. (AC +1)


Message History

Deactivating autopickup; reactivate with Ctrl-A.
You hit the orc. You closely miss the orc. The orc completely misses you.
The orc hits you.
You barely miss the orc. The orc hits you.
You hit the orc.
You kill the orc!
Trog accepts your kill.
You whack the orc!
You kill the orc!
Trog accepts your kill.
You whack something! Something hits you but does no damage.
No target in view!
No target in view!
No target in view!
You hear some strange, mumbled words.
A puff of flame appears from out of thin air!
The puff of flame misses you.
You see here an orc corpse.
You closely miss something. You whack something! Trog accepts your kill.
Trog appreciates your killing of a magic user.
Reactivating autopickup.
Your Maces & Flails skill increases to level 6!
You feel a bit more experienced.
You are no longer berserk.
You are exhausted.
You feel yourself slow down.
You hit the orc priest. The orc priest barely misses you.
You hit the orc priest.
The orc priest hits you with a +0 morningstar.
You barely miss the orc priest. The orc priest barely misses you.
You hit the orc priest. The orc priest closely misses you.
You hit the orc priest but do no damage.
The orc priest invokes the aid of Beogh against you.
Beogh smites you!
You hit the orc priest. The orc priest misses you.
You whack the orc priest!
You kill the orc priest!
Trog accepts your kill.
Items here: ))) [ a +0 morningstar; a +1 dagger of speed; a +0 robe; a +0 falchion
z - a +0 morningstar
Things that are here:
a +0 short sword; a cursed -2 flail; a +0 leather armour You see here a +0 dagger.
Drop what? 26/52 slots (_ for help) (? for menu, Esc to quit)
You drop a +0 flail.
You are now empty-handed.
You drop a +0 whip.
Adjust to which letter? (? for menu, Esc to quit)
a - a +0 morningstar;
z - a smoky sapphire potion
a - a +0 morningstar (weapon)
You start resting.
You start waiting.
You feel yourself speed up.
You start waiting.
You recover from your berserk rage.
Okay, then.
Okay, then.
You see here a +0 dagger.
Things that are here:
a +0 short sword; a cursed -2 flail; a +0 leather armour You butcher the orc corpse.
q - 7 chunks of flesh (gained 2)
You see here an orc skeleton. x2
A quokka comes into view.
A quokka is nearby!
A quokka is nearby!
Found a shadowy altar of Dithmenos.
You closely miss the quokka. The quokka bites you. x2
You puncture the quokka!
You kill the quokka!
Trog accepts your kill.
No target in view!
No target in view!
You butcher the quokka corpse.
q - 8 chunks of flesh (gained 1)
You see here a quokka skeleton. x2
A jelly and a centaur come into view.
The centaur is carrying a wand of digging (7).
The centaur moves out of view.
A jelly is nearby!
A jelly is nearby!
A jelly is nearby!
A hound and Edmund come into view.
Edmund is wielding a +1 dire flail of protection.
Your skin crawls.
You feel resistant to hostile enchantments.
You are feeling hungry.
The hound barks!
Edmund barely misses you.
A red film seems to cover your vision as you go berserk!
You feel yourself moving faster!
You feel mighty!
You are feeling very hungry.
The jelly quivers.
You sock Edmund!
Edmund hits you with a +1 dire flail of protection!
You bludgeon Edmund!! Edmund completely misses you.
You thump Edmund! The jelly hits you.
You are splashed with acid!
Edmund hits you with a +1 dire flail of protection.
You hit Edmund but do no damage. The jelly hits you but does no damage.
You barely miss Edmund. Edmund closely misses you. The hound barely misses you.
You closely miss Edmund. The hound bites you but does no damage.
The jelly hits you. The acid corrodes you!
You are splashed with acid!
Edmund hits you with a +1 dire flail of protection!
You closely miss Edmund. The hound bites you. The jelly misses you.
The hound bites you. Edmund closely misses you.
You sock Edmund! The hound bites you. The jelly hits you.
The acid corrodes you!
You are splashed with acid!
You puncture Edmund!
You kill Edmund!
Trog accepts your kill.
Your Fighting skill increases to level 7!
The hound bites you. The jelly barely misses you.
You feel a strong urge to attack something.
You are no longer berserk.
You are exhausted.
You feel yourself slow down.
You closely miss the hound. The hound barely misses you.
The hound closely misses you. x2; The jelly hits you.
The acid corrodes you!
You are splashed with acid!
You hit the hound. The hound bites you.
* * * LOW HITPOINT WARNING * * *
The jelly barely misses you. The hound bites you.
* * * LOW HITPOINT WARNING * * *
The jelly barely misses you. The hound bites you.
* * * LOW HITPOINT WARNING * * *
As you read the scroll of teleportation {@r4}, it crumbles to dust.
You feel strangely unstable. The hound closely misses you. The jelly hits you.
* * * LOW HITPOINT WARNING * * *
You are splashed with acid.
* * * LOW HITPOINT WARNING * * *
The hound bites you.
* * * LOW HITPOINT WARNING * * *
You hit the jelly but do no damage.
Your hands burn!
* * * LOW HITPOINT WARNING * * *
You feel the effects of Trog's Hand fading.
The hound completely misses you. The jelly hits you.
* * * LOW HITPOINT WARNING * * *
The acid corrodes you!
You are splashed with acid!
* * * LOW HITPOINT WARNING * * *
The hound barely misses you. The jelly hits you.
* * * LOW HITPOINT WARNING * * *
You are splashed with acid!
* * * LOW HITPOINT WARNING * * *
The hound bites you.
* * * LOW HITPOINT WARNING * * *
The hound bites you.
You die...

#.........
##..._...##
##.........##...
.........).....#
#.....#
##..#..## # ##..
##J.##.#
...###h÷...#
#..#@..####
#......#
##.#.#.#
####.#...# ##
#....#.### ..
##.......## ##
#......#..# ###.
.##.#.##....#
.... . #.###.#.#


You could see a hound and a jelly.

Vanquished Creatures
  Edmund (D:5)
  A scorpion (D:4)
  A howler monkey (D:4)
  An orc priest (D:5)
  An orc wizard (D:5)
  4 worker ants
  11 gnolls
  7 adders
  An ooze (D:3)
  2 worms
  A dart slug (D:2)
  2 leopard geckos
  10 orcs
  9 bats
  2 giant cockroaches
  11 goblins
  3 hobgoblins
  2 jackals (D:4)
  4 kobolds
  4 quokkas
  A ball python (D:3)
  5 frilled lizards
  9 rats
93 creatures vanquished.

Notes
Turn   | Place    | Note
-------+----------+-------------------------------------------
     0 | D:1      | CryoSword the Ogre Berserker began the quest for the Orb.
     0 | D:1      | Reached XP level 1. HP: 24/24 MP: 1/1
    78 | D:1      | Found a snail-covered altar of Cheibriados,
   130 | D:1      | Reached XP level 2. HP: 26/32 MP: 2/2
   958 | D:2      | Reached XP level 3. HP: 38/40 MP: 3/3
  1680 | D:2      | Reached XP level 4. HP: 49/49 MP: 4/4
  1715 | D:2      | Reached ** piety under Trog
  2309 | D:3      | Reached skill level 5 in Fighting
  3147 | D:3      | Reached XP level 5. HP: 57/57 MP: 5/5
  3762 | D:4      | Found a shimmering blue altar of Sif Muna,
  3871 | D:4      | Reached skill level 5 in Maces & Flails
  3871 | D:4      | Reached XP level 6. HP: 67/67 MP: 6/6
  3924 | D:4      | Reached skill level 6 in Fighting
  4659 | D:5      | Entered Level 5 of the Dungeon
  4821 | D:5      | Reached XP level 7. HP: 76/76 MP: 7/7
  4827 | D:5      | Reached *** piety under Trog
  4906 | D:5      | Found a shadowy altar of Dithmenos,
  4917 | D:5      | Noticed Edmund
  4928 | D:5      | Killed Edmund
  4928 | D:5      | Reached skill level 7 in Fighting
  4935 | D:5      | HP: 2/78 [acid (9)]
  4936 | D:5      | Slain by a hound

Levels and vault maps discovered:
D:1:      minmay_arrival_three_doors, layout_loops_ring, cheibriados_altar_1
D:2:      layout_basic
D:3:      layout_basic
D:4:      layout_gridville, lemuel_crystal_altar, first_ration
D:5:      wander_river, layout_loops_ring, nicolae_dithmenos_shadow_blocks,
          uniq_edmund

Skill      XL: |  1  2  3  4  5  6  7 |
---------------+----------------------+-----
Maces & Flails | 3 4 5 6 |  6.5
Fighting       | 5 6 7 |  7.1
Dodging        | |  2.6

Action                   |  1- 3 |  4- 6 |  7- 9 || total
-------------------------+-------+-------+-------++-------
Melee: Mace              |    96 |    51 |       ||   147
       Whip              |       |   158 |    20 ||   178
       Morningstar       |       |       |    14 ||    14
Invok: Berserk           |     5 |    11 |     1 ||    17
       Trog's Hand       |       |       |     1 ||     1
  Use: Scroll            |       |     7 |     1 ||     8
  Eat: Chunk             |     6 |    17 |       ||    23
       Ration            |       |     1 |       ||     1
Armor: Animal skin       |    42 |    41 |     3 ||    86
Dodge: Dodged            |    63 |   103 |    26 ||   192

Table legend:
 A = Non-vault XP
 B = Vault XP
 C = Vault XP percentage of total XP
 D = Non-vault monster count
 E = Vault monster count
 F = Vault count percentage of total count
                 A         B        C        D         E       F
            +---------+---------+-------+---------+---------+-------
      Total |     715 |     181 |  20.2 |      92 |       1 |   1.1
            +---------+---------+-------+---------+---------+-------
        D:1 |      35 |       0 |   0.0 |      14 |       0 |   0.0
        D:2 |      58 |       0 |   0.0 |      21 |       0 |   0.0
        D:3 |     140 |       0 |   0.0 |      28 |       0 |   0.0
        D:4 |     304 |       0 |   0.0 |      16 |       0 |   0.0
        D:5 |     178 |     181 |  50.4 |      13 |       1 |   7.1
            +---------+---------+-------+---------+---------+-------
